 Dungeon Crawl Stone Soup version 0.21.1-1-g345015f (webtiles) character file.

7848 tamerofbeasts the Cleaver (level 11, -3/95 HPs)
             Began as a Minotaur Fighter on May 31, 2018.
             Was an Initiate of Gozag.
             Killed from afar by filthincarnate's ghost (26 damage)
             ... with a spray of energy
             ... on level 9 of the Dungeon.
             The game lasted 00:24:28 (7557 turns).

tamerofbeasts the Cleaver (Minotaur Fighter)        Turns: 7557, Time: 00:24:28

Health: -3/95      AC: 17    Str: 24    XL:     11   Next: 2%
Magic:  10/10      EV: 13    Int:  8    God:    Gozag
Gold:   510        SH: 12    Dex: 12    Spells: 10/10 levels left

rFire    + . .     SeeInvis .   a - +1 war axe
rCold    . . .     Gourm    +   c - +0 shield
rNeg     . . .     Faith    .   w - +4 ring mail of the Learner {Str+2 Int+3}
rPois    .         Spirit   .   p - +2 hat
rElec    .         Reflect  .   x - +2 cloak {+Inv}
rCorr    .         Harm     .   (no gloves)
MR       .....                  s - +0 pair of boots
Stlth    +.........             n - amulet of the gourmand
HPRegen  0.25/turn              t - ring of protection from fire
MPRegen  0.12/turn              (no ring)

@: about to teleport, gold aura
A: retaliatory headbutt, horns 2
a: Potion Petition, Call Merchant, Bribe Branch, Renounce Religion, Evoke
Invisibility


You were on level 9 of the Dungeon.
You worshipped Gozag.
Gozag was pleased with you.
You were full.

You visited 2 branches of the dungeon, and saw 10 of its levels.

You collected 1815 gold pieces.
You spent 637 gold pieces at shops.
You paid 668 gold pieces to Gozag.

Inventory:

Hand Weapons
 a - a +1 war axe (weapon)
Armour
 b - a +0 scale mail
 c - a +0 shield (worn)
 o - a +2 cloak
 p - a +2 hat (worn)
 s - a +0 pair of boots (worn)
 w - the +4 ring mail of the Learner (worn) {Str+2 Int+3}
   (You bought it in a shop on level 8 of the Dungeon)

   It affects your strength (+2).
   It affects your intelligence (+3).
 x - a +2 cloak of invisibility (worn)
 y - the +1 ring mail "Xecigen" {rF- Int+5}
   (You bought it in a shop on level 8 of the Dungeon)

   It affects your intelligence (+5).
   It makes you vulnerable to fire.
Jewellery
 n - an amulet of the gourmand (around neck)
 t - a ring of protection from fire (left hand)
 B - a cursed -2 ring of dexterity {unknown}
Wands
 k - a wand of flame (25)
Scrolls
 d - a scroll of amnesia
 e - 4 scrolls of fog
 g - 6 scrolls of teleportation
 h - 2 scrolls of fear
 i - 5 scrolls of enchant weapon
 j - 2 scrolls of remove curse
 z - a scroll of magic mapping {unknown}
 D - a scroll of holy word {unknown}
Potions
 l - 2 potions of haste {unknown}
 m - 2 potions of flight
 r - 3 potions of curing {unknown}
 u - a potion of experience {unknown}
 A - a potion of agility {unknown}
Books
 v - a book of Flames

   Spells                             Type                      Level
   a - Flame Tongue                   Conjuration/Fire             1
   b - Throw Flame                    Conjuration/Fire             2
   c - Conjure Flame                  Conjuration/Fire             3
   d - Inner Flame                    Hexes/Fire                   3
   e - Sticky Flame                   Conjuration/Fire             4
   f - Fireball                       Conjuration/Fire             5
 C - a book of Clouds

   Spells                             Type                      Level
   a - Poisonous Vapours              Poison/Air                   2
   b - Mephitic Cloud                 Conjuration/Poison/Air       3
   c - Conjure Flame                  Conjuration/Fire             3
   d - Freezing Cloud                 Conjuration/Ice/Air          6
   e - Ring of Flames                 Charms/Fire                  7
 E - a book of Changes

   Spells                             Type                      Level
   a - Beastly Appendage              Transmutation                1
   b - Sticks to Snakes               Transmutation                2
   c - Spider Form                    Transmutation/Poison         3
   d - Ice Form                       Ice/Transmutation            4
   e - Blade Hands                    Transmutation                5
Miscellaneous
 F - a crystal ball of energy
Comestibles
 f - 21 rations


   Skills:
 + Level 8.7 Fighting
 + Level 12.6 Axes
 + Level 8.3 Armour
 + Level 5.9 Dodging
 + Level 1.0 Stealth
 + Level 10.0 Shields


You had 10 spell levels left.
You didn't know any spells.

Dungeon Overview and Level Annotations

Branches:
Dungeon (9/15)             Temple (1/1) D:6
   Lair: D:8-11         Orc: D:9-12

Altars:
Ashenzari
Cheibriados
Dithmenos
Elyvilon
Fedhas
Gozag
Hepliaklqana
Kikubaaqudgha
Makhleb
Nemelex Xobeh
Okawaru
Qazlal
Ru
Sif Muna
Trog
Uskayaw
Vehumet
Wu Jian
Xom
Yredelemnul
Zin
The Shining One

Shops:
D:8 [

Annotations:
D:5 Prince Ribbit
D:9 filthincarnate's ghost, journeyman GnWn


Innate Abilities, Weirdness & Mutations

You reflexively headbutt those who attack you in melee.
You have a pair of horns on your head.


Message History

Filthincarnate's ghost is heavily damaged.
Filthincarnate's ghost points at you and mumbles some strange words.
The spray of energy hits you!
* * * LOW HITPOINT WARNING * * *
Okay, then.
You're too confused!
Filthincarnate's ghost is distracted by the nearby gold.
You bump into the metal wall.
Filthincarnate's ghost is no longer distracted by gold.
Filthincarnate's ghost casts a spell at you.
You resist with significant effort.
You feel less confused.
Filthincarnate's ghost points at you and mumbles some strange words.
You resist with significant effort.
As you read the scroll of teleportation, it crumbles to dust.
You feel strangely unstable.
Filthincarnate's ghost points at you and mumbles some strange words.
The spray of energy hits you!
You die...
Your body crumbles into a pile of gold.

..... ..... ..... #.....
##### ###########.....
#...######...............
#........................
####.....................
#....@................
#....#''##..).........
####W#...#..))........
#O#...#.#'#####+##.
#$#...#.#........#.
#.#...#.#........#.
#.#####.#<.......#. #..
..##########. #... ..
......


You could see an ogre and filthincarnate's ghost.

Vanquished Creatures
  3 two-headed ogres
  The ghost of SmSkdm the Skirmisher, a novice FoCK of Xom (D:8)
  A centaur skeleton (D:9)
  6 yaks (D:9)
  Sigmund (D:6)
  A spriggan (D:8)
  A hungry ghost (D:8)
  A steam dragon (D:9)
  2 black bears
  A phantom (D:5)
  3 ice beasts (D:9)
  2 sky beasts
  4 orc warriors
  4 ogres
  2 centaurs
  2 big kobolds
  4 bullfrogs
  4 scorpions
  A wyvern skeleton (D:6)
  7 wights (D:8)
  2 crimson imps
  A bullfrog zombie (D:7)
  3 hounds
  2 bullfrog skeletons
  4 orc priests
  2 jellies
  4 iguanas
  6 orc wizards
  7 worker ants
  3 hound zombies
  A hound skeleton (D:4)
  A howler monkey zombie (D:9)
  A worker ant zombie (D:7)
  13 adders
  A shadow imp (D:7)
  An ooze (D:3)
  An adder zombie (D:8)
  2 adder skeletons
  5 worms
  A dart slug (D:1)
  5 leopard geckos
  31 orcs
  A bat zombie (D:8)
  5 giant cockroaches
  5 goblins
  7 hobgoblins
  11 jackals
  12 kobolds
  2 quokkas
  9 bats
  4 frilled lizards
  3 leopard gecko skeletons
  7 rats
214 creatures vanquished.

Notes
Turn   | Place    | Note
-------+----------+-------------------------------------------
     0 | D:1      | tamerofbeasts the Minotaur Fighter began the quest for the Orb.
     0 | D:1      | Reached XP level 1. HP: 19/19 MP: 0/0
   363 | D:1      | Reached XP level 2. HP: 27/27 MP: 1/1
   735 | D:2      | Found an opulent altar of Gozag.
   744 | D:2      | Reached XP level 3. HP: 17/34 MP: 2/2
   756 | D:2      | Became a worshipper of Gozag Ym Sagoz the Greedy
   820 | D:2      | Reached skill level 3 in Axes
  1093 | D:2      | Reached XP level 4. HP: 41/41 MP: 3/3
  1945 | D:4      | Reached XP level 5. HP: 47/47 MP: 4/4
  1958 | D:4      | Reached skill level 1 in Dodging
  2053 | D:4      | Reached skill level 4 in Axes
  2087 | D:4      | Found a white marble altar of Elyvilon.
  2102 | D:4      | Reached skill level 5 in Shields
  2163 | D:4      | Reached skill level 5 in Fighting
  2265 | D:4      | Reached XP level 6. HP: 34/56 MP: 5/5
  2453 | D:4      | Found a sparkling altar of Nemelex Xobeh.
  2509 | D:4      | Reached skill level 5 in Axes
  2876 | D:4      | Reached XP level 7. HP: 61/61 MP: 6/6
  3044 | D:5      | Entered Level 5 of the Dungeon
  3044 | D:5      | Found a snail-covered altar of Cheibriados.
  3159 | D:5      | Reached skill level 6 in Axes
  3159 | D:5      | Reached skill level 5 in Armour
  3322 | D:5      | Found a bloodstained altar of Trog.
  3506 | D:5      | Noticed Prince Ribbit
  3531 | D:5      | Reached skill level 7 in Axes
  3531 | D:5      | Reached XP level 8. HP: 23/70 MP: 7/7
  3955 | D:6      | Noticed Sigmund
  3970 | D:6      | Killed Sigmund
  3970 | D:6      | Reached skill level 8 in Axes
  4034 | D:6      | Found a burning altar of Makhleb.
  4145 | D:6      | Found a staircase to the Ecumenical Temple.
  4157 | D:6      | Reached skill level 9 in Axes
  4227 | Temple   | Entered the Ecumenical Temple
  4665 | D:7      | Reached XP level 9. HP: 78/78 MP: 8/8
  5143 | D:7      | Reached skill level 10 in Axes
  5743 | D:8      | Noticed a two-headed ogre
  5751 | D:8      | Killed a two-headed ogre
  5751 | D:8      | Reached skill level 11 in Axes
  5865 | D:8      | Noticed a two-headed ogre
  5877 | D:8      | Killed a two-headed ogre
  5877 | D:8      | Reached XP level 10. HP: 43/86 MP: 9/9
  5987 | D:8      | Noticed SmSkdm's ghost (novice FoCK)
  6001 | D:8      | Killed SmSkdm's ghost
  6001 | D:8      | Reached skill level 1 in Stealth
  6392 | D:8      | Found a shadowy altar of Dithmenos.
  6603 | D:8      | Found an ancient bone altar of Kikubaaqudgha.
  6714 | D:8      | Bought an opal-encrusted ring mail for 225 gold pieces
  6714 | D:8      | Bought a runed cloak for 187 gold pieces
  6714 | D:8      | Bought a bloodstained ring mail for 225 gold pieces
  6714 | D:8      | Identified the +4 ring mail of the Learner {Str+2 Int+3} (You bought it in a shop on level 8 of the Dungeon)
  6748 | D:8      | Identified the +1 ring mail "Xecigen" {rF- Int+5} (You bought it in a shop on level 8 of the Dungeon)
  6850 | D:9      | Reached skill level 5 in Dodging
  6858 | D:9      | Reached skill level 12 in Axes
  7105 | D:9      | Noticed a two-headed ogre
  7116 | D:9      | Killed a two-headed ogre
  7440 | D:9      | Reached XP level 11. HP: 95/95 MP: 10/10
  7511 | D:9      | Noticed filthincarnate's ghost (journeyman GnWn)
  7526 | D:9      | Reached skill level 10 in Shields
  7557 | D:9      | Killed from afar by filthincarnate's ghost

Skill      XL: |  1  2  3  4  5  6  7  8  9 10 11 |
---------------+----------------------------------+-----
Shields        | 4 5 6 7 8 9 10 | 10.0
Fighting       | 4 5 6 7 8 |  8.7
Axes           | 3 4 5 7 9 11 12 | 12.6
Armour         | 4 5 6 7 8 |  8.3
Dodging        | 1 2 3 4 5 |  5.9
Stealth        | 1 |  1.0

Action                   |  1- 3 |  4- 6 |  7- 9 | 10-12 || total
-------------------------+-------+-------+-------+-------++-------
Melee: War axe           |    66 |   141 |   266 |   157 ||   630
       Headbutt          |    13 |    19 |    59 |    34 ||   125
Invok: Potion Petition   |       |       |       |     1 ||     1
       Call Merchant     |       |       |       |     1 ||     1
  Use: Scroll            |       |       |    20 |     2 ||    22
       Potion            |       |       |     1 |     4 ||     5
 Stab: Distracted        |       |       |     1 |       ||     1
  Eat: Ration            |     2 |       |     3 |     4 ||     9
Armor: Scale mail        |    44 |    73 |    90 |    14 ||   221
       Ring mail         |       |       |       |    31 ||    31
Dodge: Dodged            |    30 |    56 |    76 |    64 ||   226
Block: Shield            |    53 |    88 |   151 |    94 ||   386
